 Dungeon Crawl Stone Soup version 0.17-a0-2198-g482c6e3 (webtiles) character file.

2351 Hedron the Basher (level 9, 0/93 HPs)
             Began as an Ogre Hunter on Oct 25, 2015.
             Was a Believer of Okawaru.
             Slain by a troll (9 damage)
             ... on level 7 of the Dungeon on Oct 26, 2015.
             The game lasted 00:17:09 (5657 turns).

Hedron the Basher (Ogre Hunter)                     Turns: 5657, Time: 00:17:12

Health: 0/93       AC:  5    Str: 22    XL:     9   Next: 43%
Magic:  9/9        EV: 12    Int: 10    God:    Okawaru [**....]
Gold:   350        SH:  0    Dex: 14    Spells: 0 memorised, 8 levels left

rFire  . . .     SeeInvis .     y - +1 giant club
rCold  . . .     Clarity  .     x - +2 robe {MR+}
rNeg   . . .     SustAt   .     (no shield)
rPois  +         Gourm    .     (helmet restricted)
rElec  .         Spirit   .     (no cloak)
rCorr  .         Warding  .     (gloves unavailable)
rMut   .         Stasis   +     (boots unavailable)
MR     +....                    q - amulet of stasis
Stlth  +.........               t - +4 ring of dexterity
                                u - ring of poison resistance

@: somewhat resistant to hostile enchantments, very unstealthy
A: unfitting armour, tough skin 1
a: Heroism, Renounce Religion


You were on level 7 of the Dungeon.
You worshipped Okawaru.
Okawaru was pleased with you.
You were very full.

You visited 1 branch of the dungeon, and saw 7 of its levels.

You collected 350 gold pieces.

Inventory:

Hand Weapons
 h - a +1 flail of protection
 y - a +1 giant club (weapon)
Missiles
 a - 5 large rocks (quivered)
 b - 3 throwing nets
 k - 14 poisoned needles
Armour
 x - a +2 robe of magic resistance (worn)
Jewellery
 q - an amulet of stasis (around neck)
 t - a +4 ring of dexterity (right hand)
 u - a ring of poison resistance (left hand)
 D - an uncursed ring of protection from fire
Wands
 o - a wand of hasting (3)
 B - a wand of teleportation (6)
Scrolls
 r - a scroll of amnesia
 s - a scroll of magic mapping
 z - 2 scrolls of remove curse
Potions
 c - 5 potions of curing
 e - a potion of cancellation {unknown}
 g - 2 potions of might {unknown}
 i - 5 potions of agility
 p - a potion of poison {unknown}
 v - 3 potions of heal wounds
 w - a potion of berserk rage {unknown}
 A - a potion of lignification {unknown}
 C - 2 potions of magic {unknown}
Comestibles
 d - 9 chunks of flesh
 f - 2 bread rations
 j - 2 royal jellies
 l - 2 beef jerkies
 m - 3 meat rations
 n - 9 fruits


   Skills:
 + Level 7.5 Fighting
 * Level 10.0 Maces & Flails
 + Level 6.8 Throwing
 + Level 5.4 Dodging
 - Level 0.7 Stealth


You had 8 spell levels left.
You didn't know any spells.

Dungeon Overview and Level Annotations

Branches:
Dungeon (7/15)             Temple (0/1) D:5

Altars:
Ashenzari
Fedhas
Makhleb
Nemelex Xobeh
Okawaru
Vehumet
Yredelemnul
The Shining One


Innate Abilities, Weirdness & Mutations

You are too large for most types of armour.
You have tough skin (AC +1).


Message History

You open the door. You open the door.
A hound and a troll come into view.
The hound barks!
The troll shouts!
Found a potion of curing.
You closely miss the troll. The troll misses you. The troll closely misses you.
The troll claws you!
You barely miss the troll. The troll bites you! The troll claws you!
The troll claws you!
You sock the troll!
The troll is moderately wounded.
The troll barely misses you. The troll claws you. The troll claws you!
You bludgeon the troll!!
The troll is severely wounded.
The troll bites you!
* * * LOW HITPOINT WARNING * * *
The troll claws you!
* * * LOW HITPOINT WARNING * * *
The troll claws you!
You die...

. . . . # #.... #+# ..
.##+# #...#+###.+ ...
..... +...+..##.# ....
.####+#...#..##'## .....
+###..#...##'##..#.!....
...+..+...+...'.@Th.....
..##.##...##'##..#......
..##.#........##+# #####
...#.#........#
...#.#รท.......+
...'.'........#
######).......#
##....#+#.. #....# ...


You could see a troll and a hound.

Vanquished Creatures
  Prince Ribbit (D:6)
  Sigmund (D:2)
  Eustachio (D:6)
  Menkaure (D:5)
  The ghost of Xuu the Digger, an amateur GrEE (D:3)
  A black bear (D:5)
  2 centaurs
  A phantom (D:5)
  3 ogres
  A big kobold (D:5)
  Blork the orc (D:5)
  3 giant frogs
  A water moccasin zombie (D:7)
  A centaur zombie (D:6)
  A giant frog zombie (D:7)
  A hound (D:6)
  5 orc priests
  2 jellies (D:5)
  Jessica (D:2)
  An orc wizard (D:4)
  Terence (D:2)
  3 worker ants
  A hound zombie (D:3)
  8 adders
  2 worker ant zombies (D:6)
  A shadow imp (D:5)
  An ooze (D:4)
  An adder skeleton (D:5)
  3 worms
  3 giant geckos
  24 orcs
  A ball python (D:2)
  3 bats
  4 giant cockroaches
  5 goblins
  5 hobgoblins
  9 jackals
  11 kobolds
  4 quokkas
  2 giant newts
  6 rats
128 creatures vanquished.

Notes
Turn   | Place    | Note
--------------------------------------------------------------
     0 | D:1      | Hedron the Ogre Hunter began the quest for the Orb.
     0 | D:1      | Reached XP level 1. HP: 22/22 MP: 1/1
   257 | D:1      | Reached skill level 1 in Maces & Flails
   284 | D:1      | Reached XP level 2. HP: 29/29 MP: 2/2
   919 | D:2      | Reached XP level 3. HP: 37/37 MP: 3/3
   920 | D:2      | Noticed Sigmund
   922 | D:2      | Killed Sigmund
   922 | D:2      | Reached XP level 4. HP: 39/48 MP: 4/4
   922 | D:2      | Reached XP level 5. HP: 43/54 MP: 5/5
  1170 | D:2      | Noticed Jessica
  1171 | D:2      | Killed Jessica
  1267 | D:2      | Found a sparkling altar of Nemelex Xobeh.
  1269 | D:2      | Found a shattered altar of Ashenzari.
  1270 | D:2      | Found a glowing golden altar of the Shining One.
  1270 | D:2      | Found a blossoming altar of Fedhas.
  1270 | D:2      | Found a burning altar of Makhleb.
  1393 | D:2      | Noticed Terence
  1397 | D:2      | Killed Terence
  1397 | D:2      | Reached XP level 6. HP: 62/62 MP: 6/6
  1802 | D:2      | Reached skill level 5 in Maces & Flails
  1973 | D:3      | Reached skill level 5 in Throwing
  2068 | D:3      | Noticed Xuu's ghost (amateur GrEE)
  2075 | D:3      | Killed Xuu's ghost
  2075 | D:3      | Reached XP level 7. HP: 68/71 MP: 7/7
  2112 | D:3      | Found a basalt altar of Yredelemnul.
  2162 | D:3      | Reached skill level 5 in Fighting
  2167 | D:3      | Reached skill level 6 in Maces & Flails
  2751 | D:4      | Found a radiant altar of Vehumet.
  3459 | D:5      | Entered Level 5 of the Dungeon
  3512 | D:5      | Found an iron altar of Okawaru.
  3519 | D:5      | Became a worshipper of Warmaster Okawaru
  3560 | D:5      | Noticed Blork the orc
  3573 | D:5      | Killed Blork the orc
  3573 | D:5      | Reached skill level 7 in Maces & Flails
  3573 | D:5      | Reached XP level 8. HP: 50/81 MP: 8/8
  3790 | D:5      | Found a staircase to the Ecumenical Temple.
  4167 | D:5      | Noticed Menkaure
  4174 | D:5      | Killed Menkaure
  4174 | D:5      | Reached * piety under Okawaru
  4174 | D:5      | Reached skill level 8 in Maces & Flails
  4692 | D:6      | Noticed Prince Ribbit
  4739 | D:6      | Reached skill level 9 in Maces & Flails
  4739 | D:6      | Reached XP level 9. HP: 43/92 MP: 9/9
  5047 | D:6      | Upgraded the game from 0.17-a0-2158-g6d76252 to 0.17-a0-2198-g482c6e3
  5146 | D:6      | Reached ** piety under Okawaru
  5146 | D:6      | Reached skill level 5 in Dodging
  5148 | D:6      | Killed Prince Ribbit
  5390 | D:6      | Noticed Eustachio
  5398 | D:6      | Killed Eustachio
  5613 | D:7      | Reached skill level 10 in Maces & Flails
  5657 | D:7      | Slain by a troll

Vault maps used:
D:1:      sevenhm_arrival_forest_fort_small_3
D:2:      grunt_temple_overflow_open, uniq_jessica, uniq_terence, uniq_sigmund
D:3:      yredelemnul_altar_generic
D:4:      kennysheep_mini
D:5:      black_bear_nest_1, minmay_temple_entry_purple_smoke, first_bread,
          okawaru_metal_pillars_1_2, uniq_menkaure, uniq_blork_the_orc
D:6:      serial_bayou_pond_d, uniq_prince_ribbit1, uniq_eustachio
D:7:      grunt_ministairs_7, grunt_livestock

Action                   |  1- 3 |  4- 6 |  7- 9 || total
-------------------------+-------+-------+-------++-------
Melee: Club              |     9 |    21 |       ||    30
       Flail             |       |    41 |   118 ||   159
       Giant club        |       |       |   110 ||   110
Throw: Large rock        |    32 |    29 |    42 ||   103
  Use: Scroll            |     1 |     3 |     7 ||    11
 Stab: Sleeping          |       |       |     4 ||     4
  Eat: Chunk             |       |     3 |    10 ||    13
       Bread ration      |       |       |     2 ||     2
